[Event "BLR-ch 1st Stage Men 2020"]
[Site "Minsk"]
[Date "2020.02.01"]
[Round "6.1"]
[White "Zarubitski, Viachaslau"]
[Black "Vashchilov, Sergey"]
[Result "1-0"]
[ECO "C04"]
[WhiteElo "2451"]
[BlackElo "2148"]
[Annotator "ChessBase"]
[PlyCount "113"]
[EventDate "2020.02.01"]
[EventType "swiss"]
[EventCountry "BLR"]
[SourceTitle "playchess.com"]
[Source "ChessBase"]
[SourceQuality "1"]
[TimeControl "40/5400+30:1800+30"]

1. e4 e6 2. d4 d5 3. Nd2 Nc6 4. Ngf3 Nf6 5. e5 Nd7 6. Nb3 a5 7. a4 Be7 8. c3 b6 9. Qd2 Ba6 10. Bxa6 Rxa6 11. Qf4 O-O 12. Qg4 Kh8 13. h4 f5 14. Qg3 Qb8 15. Ng5 Bxg5 16. hxg5 g6 17. Qd3 Qb7 18. Bd2 Raa8 19. Qb5 Rf7 20. Nc1 Na7 21. Qb3 c5 22. Ne2 c4 23. Qa3 Nf8 24. O-O Rb8 25. Rfb1 Qc6 26. Nf4 Kg8 27. b3 cxb3 28. Rxb3 Rfb7 29. Rab1 Nc8 30. g3 Kf7 31. Ng2 Qc4 32. Ne3 Qe2 33. Qc1 Rc7 34. c4 dxc4 35. Rc3 Rd7 36. Rxc4 Ne7 37. Bxa5 f4 38. gxf4 Rdb7 39. Bb4 Nd5 40. Qd1 Qxd1+ 41. Nxd1 Nxf4 42. Nc3 Nd7 43. Bd6 Ra8 44. Kh2 Rba7 45. Kg3 Nd5 46. Rh1 Nxc3 47. Rxc3 Kg8 48. Rhc1 Rxa4 49. Rc7 R4a7 50. Rxa7 Rxa7 51. Rc8+ Kf7 52. Rh8 b5 53. Rxh7+ Kg8 54. Re7 Rb7 55. d5 exd5 56. e6 Nc5 57. Re8+ 1-0

[Event "BLR-ch 1st Stage Men 2020"]
[Site "Minsk"]
[Date "2020.02.01"]
[Round "6.2"]
[White "Lazavik, Denis"]
[Black "Yezhel, Valiantsin"]
[Result "1/2-1/2"]
[ECO "A81"]
[WhiteElo "2411"]
[BlackElo "2187"]
[Annotator "NA"]
[PlyCount "75"]
[EventDate "2020.02.01"]
[EventType "swiss"]
[EventCountry "BLR"]
[SourceTitle "playchess.com"]
[Source "ChessBase"]
[SourceQuality "1"]
[TimeControl "40/5400+30:1800+30"]

1. d4 f5 2. Nf3 Nf6 3. g3 g6 4. Bg2 Bg7 5. O-O O-O 6. b3 d6 7. Bb2 Ng4 8. h3 Nh6 9. Nc3 c6 10. e4 e5 11. dxe5 dxe5 12. Qxd8 Rxd8 13. Rfd1 Re8 14. Bf1 Nf7 15. a4 Be6 16. Nd2 f4 17. g4 Bf8 18. Bc4 Bc5 19. Bxe6 Rxe6 20. Nf3 Re7 21. Ne2 Na6 22. Nc1 Nb4 23. Nd3 Nxd3 24. Rxd3 g5 25. Kf1 Kg7 26. Ke2 h6 27. h4 Kf6 28. Rh1 Rg8 29. hxg5+ hxg5 30. Rdd1 Rg6 31. Rh7 Rg7 32. Rh5 Rg8 33. c4 Bb4 34. Rh7 Rg7 35. Rh5 Rg8 36. Rhh1 Rg6 37. Rh7 Rg7 38. Rh5 1/2-1/2

[Event "BLR-ch 1st Stage Men 2020"]
[Site "Minsk"]
[Date "2020.02.01"]
[Round "6.3"]
[White "Siniauski, Artsiom"]
[Black "Podolchenko, Evgeniy"]
[Result "0-1"]
[ECO "B11"]
[WhiteElo "2265"]
[BlackElo "2394"]
[Annotator "NA"]
[PlyCount "126"]
[EventDate "2020.02.01"]
[EventType "swiss"]
[EventCountry "BLR"]
[SourceTitle "playchess.com"]
[Source "ChessBase"]
[SourceQuality "1"]
[TimeControl "40/5400+30:1800+30"]

1. e4 c6 2. Nc3 d5 3. Nf3 Bg4 4. h3 Bxf3 5. Qxf3 e6 6. a3 Nf6 7. d3 Nbd7 8. g3 Bc5 9. Bg2 Bd4 10. Ne2 Ne5 11. Qf4 Ng6 12. Qd2 Bb6 13. O-O O-O 14. Kh2 dxe4 15. dxe4 Qc7 16. Qc3 Rad8 17. f4 Rfe8 18. b4 e5 19. Bb2 exf4 20. gxf4 Nh5 21. e5 Nh4 22. Rad1 Rxd1 23. Rxd1 Nxg2 24. Kxg2 Qc8 25. Qf3 Qf5 26. Rd2 g6 27. c4 Rd8 28. Rxd8+ Bxd8 29. Bd4 Qc2 30. f5 Qxc4 31. f6 Qxe2+ 32. Qxe2 Nf4+ 33. Kf3 Nxe2 34. Kxe2 Bb6 35. Bc3 Kf8 36. Kf3 Ke8 37. Ke4 Kd7 38. Bb2 Ke6 39. Bc3 Bc7 40. Bb2 b5 41. Bc3 Bb6 42. Bb2 Bg1 43. Bc3 a6 44. Bb2 Bh2 45. Bd4 g5 46. Bc3 Bf4 47. Bb2 h6 48. h4 Bd2 49. h5 Bf4 50. Bd4 Bc1 51. Bc5 Bb2 52. Bd6 g4 53. Bf8 Bxe5 54. Bxh6 Bxf6 55. Kf4 Bb2 56. Kxg4 f5+ 57. Kh4 Bxa3 58. Bf8 Kf7 59. Bd6 a5 60. Kg5 a4 61. Be5 Bc1+ 62. Kxf5 a3 63. h6 Bxh6 0-1

[Event "BLR-ch 1st Stage Men 2020"]
[Site "Minsk"]
[Date "2020.02.01"]
[Round "6.4"]
[White "Pogosian, Manvel"]
[Black "Tsaruk, Maksim"]
[Result "1/2-1/2"]
[ECO "D27"]
[WhiteElo "2383"]
[BlackElo "2316"]
[Annotator "NA"]
[PlyCount "70"]
[EventDate "2020.02.01"]
[EventType "swiss"]
[EventCountry "BLR"]
[SourceTitle "playchess.com"]
[Source "ChessBase"]
[SourceQuality "1"]
[TimeControl "40/5400+30:1800+30"]

1. d4 d5 2. c4 dxc4 3. e3 Nf6 4. Bxc4 e6 5. Nf3 a6 6. O-O c5 7. a4 Nc6 8. Qe2 cxd4 9. Rd1 Be7 10. exd4 O-O 11. Nc3 Nb4 12. Bg5 Bd7 13. Bb3 Bc6 14. d5 Nbxd5 15. Nxd5 Bxd5 16. Bxd5 exd5 17. Nd4 g6 18. Qe5 Re8 19. Rac1 Bd6 20. Qxf6 Be7 21. Qf3 Bxg5 22. Rc3 Qb6 23. Nb3 Rad8 24. g3 Qf6 25. h4 Qxf3 26. Rxf3 Be7 27. Rfd3 Bf6 28. Nc5 b5 29. Nxa6 bxa4 30. Nc7 Re2 31. Nxd5 Kg7 32. Nxf6 Rxd3 33. Rxd3 Kxf6 34. Ra3 Rxb2 35. Rxa4 Ke5 1/2-1/2

[Event "BLR-ch 1st Stage Men 2020"]
[Site "Minsk"]
[Date "2020.02.01"]
[Round "6.6"]
[White "Smirnov, Valerij"]
[Black "Teterev, Vitaly"]
[Result "1-0"]
[ECO "E61"]
[WhiteElo "2261"]
[BlackElo "2476"]
[Annotator "ChessBase"]
[PlyCount "133"]
[EventDate "2020.02.01"]
[EventType "swiss"]
[EventCountry "BLR"]
[SourceTitle "playchess.com"]
[Source "ChessBase"]
[SourceQuality "1"]
[TimeControl "40/5400+30:1800+30"]

1. d4 Nf6 2. c4 g6 3. Nc3 Bg7 4. Nf3 d6 5. Bg5 h6 6. Bh4 g5 7. Bg3 Nh5 8. e3 c5 9. Be2 Nxg3 10. hxg3 Qa5 11. O-O O-O 12. a3 Bg4 13. b4 Qd8 14. Rc1 b6 15. Nh2 Bxe2 16. Qxe2 cxd4 17. exd4 Nc6 18. d5 Nd4 19. Qd3 e5 20. dxe6 fxe6 21. Nf3 Nxf3+ 22. gxf3 Qd7 23. Rfd1 Rad8 24. Ne4 d5 25. cxd5 exd5 26. Nc3 d4 27. Ne4 Rf7 28. Kg2 Rdf8 29. Qb3 Kh8 30. Rd3 Rd8 31. b5 Kh7 32. a4 Re7 33. g4 Rxe4 34. fxe4 Qxg4+ 35. Rg3 Qxe4+ 36. Qf3 Qe5 37. Qd3+ Kh8 38. Rf3 Qd5 39. Kg1 Qd7 40. Rf5 Re8 41. Qf3 g4 42. Qxg4 Rd8 43. Rf4 d3 44. Qxd7 Rxd7 45. Rd1 d2 46. Rc4 Bb2 47. Kf1 Bc1 48. f3 Kg7 49. Ke2 Kg6 50. Rg1+ Kf5 51. Rh1 Ba3 52. Kd1 Bc5 53. Rxh6 Be3 54. Rh5+ Kf6 55. Rc6+ Kg7 56. Re5 Bc5 57. Rexc5 bxc5 58. Rxc5 Kf6 59. a5 Ke6 60. b6 axb6 61. axb6 Kd6 62. Rb5 Kc6 63. b7 Rxb7 64. Rxb7 Kxb7 65. Kxd2 Kc6 66. Ke3 Kd5 67. Kf4 1-0

[Event "BLR-ch 1st Stage Men 2020"]
[Site "Minsk"]
[Date "2020.02.01"]
[Round "6.7"]
[White "Cherepov, Alexej"]
[Black "Meribanov, Vitaly"]
[Result "1/2-1/2"]
[ECO "A31"]
[WhiteElo "2184"]
[BlackElo "2417"]
[Annotator "NA"]
[PlyCount "152"]
[EventDate "2020.02.01"]
[EventType "swiss"]
[EventCountry "BLR"]
[SourceTitle "playchess.com"]
[Source "ChessBase"]
[SourceQuality "1"]
[TimeControl "40/5400+30:1800+30"]

1. d4 Nf6 2. c4 c5 3. Nf3 cxd4 4. Nxd4 e5 5. Nc2 d5 6. cxd5 Qxd5 7. Qxd5 Nxd5 8. e4 Nb4 9. Nxb4 Bxb4+ 10. Bd2 Nc6 11. Bb5 Bd7 12. Bxc6 Bxd2+ 13. Kxd2 Bxc6 14. Nc3 O-O-O+ 15. Ke3 Rd4 16. Rhd1 Rhd8 17. Rac1 Kb8 18. f3 Bb5 19. Kf2 Bc4 20. b3 Be6 21. Rxd4 Rxd4 22. Rd1 Rxd1 23. Nxd1 Kc7 24. Ke3 b5 25. Nc3 b4 26. Na4 Kd6 27. Nb2 f6 28. h4 Bd7 29. Nc4+ Kc5 30. Nb2 a5 31. Nd3+ Kd6 32. Nb2 Bb5 33. Nd3 g6 34. g3 Bd7 35. Kd2 h6 36. Ke3 Be6 37. Kd2 f5 38. Ke3 g5 39. hxg5 hxg5 40. Nb2 f4+ 41. gxf4 gxf4+ 42. Kd3 Kc5 43. Na4+ Kc6 44. Ke2 Bc8 45. Kd2 Ba6 46. Ke1 Bd3 47. Kd2 Bb5 48. Ke1 Kc7 49. Kd2 Kd6 50. Ke1 Ke7 51. Nb2 Kf6 52. Kf2 Kg5 53. Kg2 Kh4 54. Kh2 Kh5 55. Kg2 Kg5 56. Kf2 Kg6 57. Ke1 Kf6 58. Kf2 Ke6 59. Ke1 Ke7 60. Kd2 Kd6 61. Na4 Be8 62. Kd1 Ke7 63. Ke2 Bb5+ 64. Ke1 Ke6 65. Nb2 Kf6 66. Kf2 Kg5 67. Kg2 Kh4 68. Kh2 Kg5 69. Kg2 Kf6 70. Kf2 Ke7 71. Ke1 Kd7 72. Kd2 Kd6 73. Na4 Kc6 74. Ke1 Bd3 75. Kd2 Bb1 76. Kc1 Bd3 1/2-1/2

[Event "BLR-ch 1st Stage Men 2020"]
[Site "Minsk"]
[Date "2020.02.01"]
[Round "7.1"]
[White "Podolchenko, Evgeniy"]
[Black "Zarubitski, Viachaslau"]
[Result "1/2-1/2"]
[ECO "D17"]
[WhiteElo "2394"]
[BlackElo "2451"]
[Annotator "ChessBase"]
[PlyCount "74"]
[EventDate "2020.02.01"]
[EventType "swiss"]
[EventCountry "BLR"]
[SourceTitle "playchess.com"]
[Source "ChessBase"]
[SourceQuality "1"]
[TimeControl "40/5400+30:1800+30"]

1. d4 d5 2. c4 c6 3. Nf3 Nf6 4. Nc3 dxc4 5. a4 Bf5 6. Ne5 Nbd7 7. Nxc4 Qc7 8. Qd2 g6 9. Qf4 Qxf4 10. Bxf4 Bg7 11. e3 Nh5 12. Bg5 h6 13. Bh4 g5 14. Be2 Ndf6 15. Bg3 Nxg3 16. hxg3 O-O 17. O-O Rac8 18. Rac1 Rfd8 19. Rfd1 Be6 20. b4 Nd5 21. Na5 b6 22. Nxd5 Bxd5 23. Nc4 Bxc4 24. Bxc4 e5 25. Ba6 Rb8 26. Rxc6 exd4 27. exd4 Bxd4 28. Kf1 Kg7 29. Rc7 Be5 30. Rcd7 Rxd7 31. Rxd7 Bc3 32. Bc4 Bxb4 33. Rxf7+ Kg6 34. Rd7 a5 35. g4 Bc5 36. Ke2 Re8+ 37. Kd2 Re7 1/2-1/2

[Event "BLR-ch 1st Stage Men 2020"]
[Site "Minsk"]
[Date "2020.02.01"]
[Round "7.3"]
[White "Tsaruk, Maksim"]
[Black "Lazavik, Denis"]
[Result "1/2-1/2"]
[ECO "C76"]
[WhiteElo "2316"]
[BlackElo "2411"]
[Annotator "NA"]
[PlyCount "60"]
[EventDate "2020.02.01"]
[EventType "swiss"]
[EventCountry "BLR"]
[SourceTitle "playchess.com"]
[Source "ChessBase"]
[SourceQuality "1"]
[TimeControl "40/5400+30:1800+30"]

1. e4 e5 2. Nf3 Nc6 3. Bb5 a6 4. Ba4 d6 5. O-O Bd7 6. c3 g6 7. d4 Bg7 8. d5 Nce7 9. Bxd7+ {[%emt 0:00:24] C76: Ruy Lopez: Deferred Steinitz: 5 c3 Bd7 6 d4 g6} Qxd7 10. Be3 Nf6 11. Nfd2 Ng4 12. Qe2 {[%emt 0:00:17] [#]} f5 $146 ({Predecessor:} 12... Nxe3 13. Qxe3 h5 14. c4 Bh6 15. Qe2 Qg4 16. f3 Qg5 17. Re1 f5 18. Nf1 O-O {0-1 (43) Dudas,E (2227)-Srebrnic,A (2243) Ruzomberok 2014}) 13. f3 Nxe3 14. Qxe3 h5 15. c4 Bh6 16. Qd3 c5 17. Nc3 b5 18. Rf2 b4 19. Ne2 Bxd2 20. Qxd2 O-O 21. Qg5 fxe4 22. fxe4 Rxf2 23. Kxf2 $11 Rf8+ 24. Kg1 Rf7 25. Ng3 Kh7 26. Rf1 Rxf1+ 27. Nxf1 Ng8 28. b3 Qe7 29. Qxe7+ Nxe7 30. Kf2 g5 1/2-1/2

[Event "BLR-ch 1st Stage Men 2020"]
[Site "Minsk"]
[Date "2020.02.01"]
[Round "7.4"]
[White "Olhovik, Andrei"]
[Black "Pogosian, Manvel"]
[Result "0-1"]
[ECO "A32"]
[WhiteElo "2311"]
[BlackElo "2383"]
[Annotator "NA"]
[PlyCount "74"]
[EventDate "2020.02.01"]
[EventType "swiss"]
[EventCountry "BLR"]
[SourceTitle "playchess.com"]
[Source "ChessBase"]
[SourceQuality "1"]
[TimeControl "40/5400+30:1800+30"]

1. d4 Nf6 2. c4 e6 3. Nc3 c5 4. Nf3 cxd4 5. Nxd4 Bb4 6. Bd2 Nc6 7. Nc2 Bc5 8. Be3 Bxe3 9. Nxe3 O-O 10. g3 d5 11. cxd5 exd5 12. Nexd5 Nxd5 13. Qxd5 Qb6 14. Qb3 Qxb3 15. axb3 Nd4 16. Rd1 $11 Rd8 17. Rd2 Be6 18. Bg2 Nxb3 19. Rxd8+ Rxd8 20. Bxb7 Rd2 21. O-O Rxb2 22. Rd1 Kf8 23. Rd8+ Ke7 24. Ra8 Rc2 25. Nd5+ Kd6 26. Rd8+ Kc5 27. Nf4 Bc4 28. Be4 Rc1+ 29. Kg2 a5 30. Rc8+ Kd4 31. Bf3 g5 32. Rd8+ Ke5 33. Nd5 g4 34. Re8+ Kd4 35. e3+ Kd3 36. Nf4+ Kc2 37. Bxg4 Bd3 0-1

[Event "BLR-ch 1st Stage Men 2020"]
[Site "Minsk"]
[Date "2020.02.01"]
[Round "7.5"]
[White "Meribanov, Vitaly"]
[Black "Smirnov, Valerij"]
[Result "1-0"]
[ECO "B76"]
[WhiteElo "2417"]
[BlackElo "2261"]
[Annotator "NA"]
[PlyCount "67"]
[EventDate "2020.02.01"]
[EventType "swiss"]
[EventCountry "BLR"]
[SourceTitle "playchess.com"]
[Source "ChessBase"]
[SourceQuality "1"]
[TimeControl "40/5400+30:1800+30"]

1. e4 c5 2. Nf3 g6 3. d4 Bg7 4. Nc3 cxd4 5. Nxd4 Nc6 6. Be3 d6 7. Qd2 Nf6 8. f3 O-O 9. O-O-O d5 10. Kb1 Nxd4 11. e5 Nxf3 12. gxf3 {[%emt 0:00:08] B76: Sicilian Dragon: Yugoslav Attack, 9 g4 and 9 0-0-0} Nh5 13. f4 Bg4 14. Be2 Bxe2 15. Nxe2 e6 16. Nd4 Qd7 {[%emt 0:07:21] [#]} 17. Qe2 $146 ({Predecessor:} 17. Rhg1 a5 18. Rdf1 Qc7 19. Rg5 Bh6 20. Rg4 Rac8 21. Rfg1 Kh8 22. Nb5 Qc6 23. Na7 {1-0 (47) Rutkauskas,G (2064)-Gerold,A Zakopane 2000}) 17... f6 18. Rhg1 Kh8 19. Bc1 fxe5 20. fxe5 Rf7 $15 21. c4 dxc4 22. Qxc4 Bxe5 23. Nxe6 Qc6 24. Qb3 Rf3 25. Qd5 Bxh2 26. Qd4+ Kg8 27. Nd8 Qb5 28. Rg5 Rf5 29. a4 Qe5 30. Qc4+ Kf8 31. Rd7 Ng7 32. Rg2 Ke8 33. Rgd2 Rf8 34. R7d5 1-0

[Event "BLR-ch 1st Stage Men 2020"]
[Site "Minsk"]
[Date "2020.02.01"]
[Round "7.7"]
[White "Vashchilov, Sergey"]
[Black "Runets, Ivan"]
[Result "1-0"]
[ECO "B40"]
[WhiteElo "2148"]
[BlackElo "2304"]
[Annotator "NA"]
[PlyCount "89"]
[EventDate "2020.02.01"]
[EventType "swiss"]
[EventCountry "BLR"]
[SourceTitle "playchess.com"]
[Source "ChessBase"]
[SourceQuality "1"]
[TimeControl "40/5400+30:1800+30"]

1. e4 c5 2. Nf3 e6 3. b3 b6 4. Bb2 Bb7 5. Nc3 a6 6. g3 Nf6 7. Qe2 d6 8. d4 cxd4 9. Nxd4 Qc7 10. O-O-O Nbd7 11. Bh3 b5 12. Bxe6 (12. Rhe1 $16) 12... fxe6 13. Nxe6 $11 Qc6 14. Nd5 Kf7 15. Ng5+ Kg8 16. Qf3 Re8 17. Rhe1 h6 18. Nh3 Ne5 19. Nxf6+ gxf6 20. Qxf6 Bc8 21. Bxe5 Rxe5 22. Qg6+ Bg7 23. Rxd6 Qe8 24. Nf4 h5 25. Rd5 Bb7 26. Qxe8+ Rxe8 27. Rg5 Kf7 28. Rf5+ Kg8 29. Nxh5 Bc3 30. Re3 b4 31. Rxc3 bxc3 32. Nf6+ Kf7 33. Nxe8+ Kxe8 34. h4 Kd7 35. Rc5 Rf8 36. f4 Rc8 37. Rxc8 Kxc8 38. e5 Bf3 39. b4 Kd7 40. a4 Bc6 41. h5 Ke7 42. b5 axb5 43. a5 Bf3 44. h6 Kf7 45. e6+ 1-0